 Dungeon Crawl Stone Soup version 0.30.1-11-g7821555f0a (webtiles) character file.

Game seed: 12546151285325355834

244 KittyFluff the Cudgeller (level 6, 0/38 HPs)
             Began as a Gargoyle Berserker on Nov 11, 2023.
             Was a Priest of Trog.
             Slain by an orc priest
             ... wielding a +0 whip
              (1 damage)
             ... on level 4 of the Dungeon.
             The game lasted 00:12:03 (2588 turns).

KittyFluff the Cudgeller (Gargoyle Berserker)       Turns: 2588, Time: 00:12:04

Health: 0/38       AC: 14    Str: 23    XL:     6   Next: 10%
Magic:  6/6        EV: 11    Int:  7    God:    Trog [***...]
Gold:   159        SH:  0    Dex:  9    Spells: 5/5 levels left

rFire   . . .        a - +1 mace
rCold   + . .        (no shield)
rNeg    + . .        t - +0 leather armour
rPois   ∞            (helmet restricted)
rElec   +            q - +0 cloak
rCorr   .            (no gloves)
SInv    .            f - +0 pair of boots
Will    .....        (no amulet)
Stlth   +            k - ring of protection from cold
HPRegen 0.26/turn    o - +4 ring of protection
MPRegen 0.10/turn

%: no passive effects
@: mighty
A: sickness immunity, AC +4, negative energy resistance 1, electricity
resistance, torment resistance 1, petrification resistance, horns 1, wild magic
1
a: Renounce Religion, Berserk, Trog's Hand


You were on level 4 of the Dungeon.
You worshipped Trog.
Trog was most pleased with you.
You visited 1 branch of the dungeon, and saw 4 of its levels.

You collected 159 gold pieces.

Inventory:

Hand Weapons
 a - a +1 mace (weapon)
 d - a +0 sling
 r - a +2 quarterstaff of chaos
Missiles
 u - 6 javelins (quivered)
 y - 6 poisoned darts
Armour
 e - a +0 helmet
 f - a +0 pair of boots (worn)
 m - the +4 ring mail "Nodeq" {rCorr Int-4 Dex+3 Slay+3}
   (You found it on level 2 of the Dungeon)

   Int:       It affects your intelligence (-4).
   Dex:       It affects your dexterity (+3).
   Slay:      It affects your accuracy & damage with ranged weapons and melee
   (+3).
   rCorr:     It protects you from acid and corrosion.
 q - a +0 cloak (worn)
 t - a +0 leather armour (worn)
Jewellery
 k - a ring of protection from cold (left hand)
 o - a +4 ring of protection (right hand)
 w - a +5 ring of evasion
Wands
 n - a wand of flame (27)
 v - a wand of iceblast (6)
Scrolls
 b - a scroll of amnesia {unknown}
 g - 2 scrolls of teleportation
 i - a scroll of identify {unknown}
 j - a scroll of enchant weapon
 s - 2 scrolls of magic mapping
Potions
 c - a potion of might
 h - a potion of ambrosia {unknown}
 l - 3 potions of mutation
 p - 2 potions of magic {unknown}
 x - a potion of attraction {unknown}


   Skills:
 + Level 4.2 Fighting
 * Level 4.2 Maces & Flails
 * Level 4.0 Armour
 + Level 2.3 Dodging
 + Level 2.1 Stealth
 + Level 0.2 Evocations


You had 5 spell levels left.
You didn't know any spells.
Your spell library was empty.

Dungeon Overview and Level Annotations

Branches:
Dungeon (4/15)
 Temple: D:4-7

Altars:
Ashenzari
Trog
Zin


Innate Abilities, Weirdness & Mutations

You are immune to sickness and miasma.
Your stone body is resilient. (AC +4)
You are immune to poison.
You resist negative energy. (rN+)
You are resistant to electric shocks. (rElec)
You are resistant to unholy torment.
You are immune to petrification.
You have a pair of small horns on your head.
Your spells are a little harder to cast, but a little more powerful.


Message History

The orc priest hits you with a +0 dagger.
You hit the orc priest.
The orc priest is moderately wounded.
The orc priest barely misses you.
You closely miss the orc. The orc hits you but does no damage.
You thump the orc!
You kill the orc!
Trog accepts your kill.
You closely miss the orc priest.
The orc priest is moderately wounded.
The orc priest calls down the wrath of Beogh upon you.
Beogh smites you!
* * * LOW HITPOINT WARNING * * *
It was a potion of mutation.
You feel extremely strange.
You feel less in control of your magic. A pair of horns grows on your head!
Your +0 helmet falls away!
The orc priest closely misses you.
The orc priest calls upon Beogh to heal the orc priest.
The orc priest's wounds heal themselves!
It was a potion of might.
You feel very mighty all of a sudden.
The orc priest hits you but does no damage.
You sock the orc priest!
The orc priest is severely wounded.
The orc priest hits you with a +0 dagger.
* * * LOW HITPOINT WARNING * * *
The orc priest miscasts a cantrip.
You hit the orc priest.
You kill the orc priest!
Trog accepts your kill.
The orc priest looks satisfied for a moment.
Your Armour skill increases to level 4!
You have reached level 6!
You hit the orc priest.
The orc priest is heavily wounded.
The orc priest hits you with a +0 whip.
* * * LOW HITPOINT WARNING * * *
You thump the orc priest!
The orc priest is almost dead.
The orc priest hits you with a +0 whip.
You die...

....# **,,,,,** **,*,****,*
##..# **,,,** *,,,,,,,,*
##..# *#+#* ***,****** ....#
#.# *,* ##.## #.#
****###**,* #.# ##.##
*,,....,*,* #.#
##...##*,.....,*,* #.#
######.....##...$..,,,*
##.###..........@oo.....,***
#.#.##.######.####?$....,*
##.....# ### *,.....,*
####### *,,....,* ****###**


You could see an orc priest and an orc.

Vanquished Creatures
  An orc priest (D:4)
  Crazy Yiuf (D:2)
  Jessica (D:2)
  An orc wizard (D:3)
  5 adders
  A worm (D:3)
  6 orcs
  7 bats
  11 endoplasms
  6 giant cockroaches
  6 goblins
  6 hobgoblins
  2 jackals (D:1)
  3 quokkas
  8 ball pythons
  A frilled lizard (D:2)
  4 kobolds
  7 rats
77 creatures vanquished.

Notes
Turn   | Place    | Note
-------+----------+-------------------------------------------
     0 | D:1      | KittyFluff the Gargoyle Berserker began the quest for the
                  | Orb.
     0 | D:1      | Reached XP level 1. HP: 14/14 MP: 1/1
   114 | D:1      | Reached XP level 2. HP: 17/19 MP: 2/2
   478 | D:1      | Reached XP level 3. HP: 8/23 MP: 3/3
   726 | D:2      | Reached skill level 1 in Stealth
   755 | D:2      | Identified the +4 ring mail "Nodeq" {rCorr Int-4 Dex+3
                  | Slay+3}
   795 | D:2      | Reached ** piety under Trog
   979 | D:2      | Reached XP level 4. HP: 29/29 MP: 4/4
  1141 | D:2      | Noticed Jessica
  1146 | D:2      | Killed Jessica
  1220 | D:2      | Found a runed translucent door.
  1221 | D:2      | Noticed Crazy Yiuf
  1230 | D:2      | Killed Crazy Yiuf
  1231 | D:2      | Reached XP level 5. HP: 29/33 MP: 3/5
  1455 | D:3      | Noticed a moth of wrath
  1457 | D:3      | Found a bloodstained altar of Trog.
  1652 | D:3      | Found a broken altar of Ashenzari.
  1877 | D:3      | Reached *** piety under Trog
  2038 | D:3      | Found a faded altar of an unknown god.
  2158 | D:3      | Found a glowing silver altar of Zin.
  2583 | D:4      | Gained mutation: Your spells are a little harder to cast,
                  | but a little more powerful. [potion of mutation]
  2583 | D:4      | Gained mutation: You have a pair of small horns on your
                  | head. [potion of mutation]
  2587 | D:4      | Reached XP level 6. HP: 3/38 MP: 6/6
  2587 | D:4      | HP: 1/38 [orc priest/+0 whip (2)]
  2588 | D:4      | Slain by an orc priest

Illustrated notes

Levels and vault maps discovered:
D:1:      ebering_trefoil_3fold, layout_loops_ring
D:2:      layout_loops_ring, uniq_crazy_yiuf_cottage, uniq_jessica
D:3:      layout_basic, tgw_trog, ashenzari_conservatory_becter,
          lemuel_tele_altar, hellmonk_ecumenical_altar_run_dry
D:4:      layout_loops_corners, slow_altar_2,
          chequers_temple_overflow_minitemple, minmay_ruined_shrine,
          uniq_sigmund, uniq_edmund

Skill      XL: |  1  2  3  4  5 |
---------------+----------------+-----
Stealth        | 1 2 |  2.1
Armour         | 3 4 |  4.0
Dodging        | 2 |  2.3
Maces & Flails | 4 |  4.2
Fighting       | 4 |  4.2
Evocations     | |  0.2

Action                     |  1- 3 |  4- 6 || total
---------------------------+-------+-------++-------
  Melee: Mace              |   147 |   136 ||   283
    Use: Scroll            |       |     3 ||     3
         Potion            |       |     2 ||     2
   Stab: Sleeping          |     1 |       ||     1
 Armour: Animal skin       |    66 |    32 ||    98
         Leather armour    |       |    41 ||    41
  Dodge: Dodged            |    93 |    83 ||   176
